 Dungeon Crawl Stone Soup version 0.30-a0-165-g1891117ce2 (webtiles) character file.

Game seed: 18129229813827663705

1589 ragingrage the Magician (level 9, -9/66 HPs)
             Began as a Djinni Hedge Wizard on Sept 28, 2022.
             Mangled by a shadow (19 damage)
             ... on level 7 of the Dungeon.
             The game lasted 00:10:30 (9365 turns).

ragingrage the Magician (Djinni Hedge Wizard)       Turns: 9365, Time: 00:10:30

Health: -9/66      AC:  6    Str:  8 (9)  XL:     9   Next: 15%
Gold:   202        EV: 12    Int: 19 (20) God:
                   SH:  8    Dex: 11 (13)

rFire   + + .      SeeInvis .    A - +1 hand axe (flame)
rCold   . . .      Faith    .    E - +2 kite shield
rNeg    . . .      Spirit   .    b - +0 ring mail {rC+}
rPois   ∞          Reflect  .    c - +0 hat
rElec   .          Harm     .    (no cloak)
rCorr   .          Rampage  .    h - +0 pair of gloves
Will    .....                    (boots unavailable)
Stlth   +.........               (no amulet)
HPRegen 0.21/turn                o - +4 ring of evasion
MPRegen 0.00/turn                H - ring of wizardry

@: flying
A: sickness immunity, fire resistance 2, cold vulnerability 1, float, innate
caster, HP casting, extra vitality 1
a: no special abilities


You were on level 7 of the Dungeon.
You visited 1 branch of the dungeon, and saw 7 of its levels.

You collected 407 gold pieces.
You spent 205 gold pieces at shops.

Inventory:

Hand Weapons
 a - a +0 dagger
 l - a +1 spear of flaming
 A - a +1 hand axe of flaming (weapon)
Missiles
 t - 3 curare-tipped darts
 y - a throwing net
 B - 5 poisoned darts
Armour
 b - a +0 ring mail of cold resistance (worn)
 c - a +0 hat (worn)
 h - a +0 pair of gloves (worn)
 C - a +2 leather armour of poison resistance
 E - a +2 kite shield (worn)
Jewellery
 o - a +4 ring of evasion (left hand)
 H - a ring of wizardry (right hand)
Scrolls
 d - 3 scrolls of amnesia {unknown}
 e - 7 scrolls of noise
 g - 5 scrolls of identify {unknown}
 j - a scroll of silence {unknown}
 k - 3 scrolls of immolation {unknown}
 q - 3 scrolls of blinking {unknown}
 s - 2 scrolls of teleportation
 u - a scroll of summoning {unknown}
 v - 2 scrolls of poison {unknown}
 w - a scroll of enchant weapon {unknown}
 D - a scroll of fear
 F - 2 scrolls of magic mapping {unknown}
 G - a scroll of vulnerability {unknown}
Potions
 f - a potion of degeneration
 m - 2 potions of brilliance {unknown}
 n - 2 potions of lignification {unknown}
 p - 2 potions of magic {unknown}
 r - a potion of attraction {unknown}
 x - a potion of mutation {unknown}
 z - a potion of heal wounds {unknown}
 I - 2 potions of ambrosia {unknown}
 J - a potion of flight {unknown}


   Skills:
 + Level 6.0 Fighting
 - Level 2.1 Dodging
 - Level 1.5 Stealth
 * Level 7.3 Spellcasting


You had one spell level left.
You knew the following spells:

 Your Spells              Type           Power      Damage    Failure   Level
a - Magic Dart            Conj           100%       1d8       2%          1
b - Slow                  Hex            100%       N/A       2%          1
c - Blink                 Tloc           68%        N/A       3%          2
d - Call Imp              Summ           34%        N/A       3%          2
e - Cigotuvi's Dreadful   Necr/Pois/Air  68%        N/A       3%          2
f - Mephitic Cloud        Conj/Pois/Air  34%        N/A       6%          3
g - Kiss of Death         Conj/Necr      100%       2d13      2%          1
h - Poisonous Vapours     Pois/Air       68%        N/A       3%          2
i - Teleport Other        Tloc           34%        N/A       6%          3
j - Cause Fear            Hex            17%        N/A       21%         4
Your spell library was empty.

Dungeon Overview and Level Annotations

Branches:
Dungeon (7/15)
 Temple: D:4-7

Altars:
Wu Jian
Yredelemnul

Shops:
D:1 (   D:4 ([?*


Innate Abilities, Weirdness & Mutations

You are immune to sickness and miasma.
You are immune to poison.
Your flesh is very heat resistant. (rF++)
You are vulnerable to cold. (rC-)
You float through the air rather than walking.
You learn spells naturally, not from books.
Your magical power is your life essence.
You have superior vitality. (+4 MHP)


Message History

The shadow is almost destroyed.
Your shadow imp hits the shadow but does no damage.
The shadow slips into darkness.
The shadow flickers and vanishes!
Deactivating autopickup; reactivate with Ctrl-A.
Casting: Magic Dart (safe; 2% risk of failure)
Confirm with . or Enter, or press ? or * to list all spells.
You can't see any susceptible monsters within range! (Use Z to cast anyway.)
Casting: Magic Dart (safe; 2% risk of failure)
Confirm with . or Enter, or press ? or * to list all spells.
Aiming: Magic Dart (safe; 2% risk of failure)
Press: ? - help, Shift-Dir - straight line The magic dart hits something but does no damage.
The shadow strikes at your shadow imp from the darkness!
Your shadow imp dies!
Your shadow imp disappears in a puff of smoke!
The shadow strikes at you from the darkness!
* * * LOW HITPOINT WARNING * * *
Reactivating autopickup.
The shadow slips into darkness.
The shadow flickers and vanishes!
Deactivating autopickup; reactivate with Ctrl-A.
Casting: Magic Dart (safe; 2% risk of failure)
Confirm with . or Enter, or press ? or * to list all spells.
A metallic apparition takes form in the air.
* * * LOW HITPOINT WARNING * * *
You swap places.
The shadow strikes at your iron imp from the darkness!
Your iron imp dies!
Your iron imp disappears in a puff of smoke!
Casting: Call Imp (safe; 3% risk of failure)
Confirm with . or Enter, or press ? or * to list all spells.
You don't have enough health to cast this spell.
Casting: Call Imp (safe; 3% risk of failure)
Confirm with . or Enter, or press ? or * to list all spells.
You don't have enough health to cast this spell.
Unknown command.
You feel better.
The shadow strikes at you from the darkness!
You die...

....)####...##.#####
....## ##)........#
...## ##.##.###.#
..## #.##.# +#
#.#..# #.#.##
#####.#.# #
......#.####.#
#....§.@..#
#.##.###### .. ...#
...#.#### ## #


There were no monsters in sight!

Vanquished Creatures
  Pargi (D:4)
  4 ogres
  A phantom (D:6)
  3 scorpions
  3 wights (D:7)
  An orc priest (D:3)
  A gnoll bouda (D:5)
  5 iguanas
  2 orc wizards
  A scorpion zombie (D:4)
  A howler monkey zombie (D:4)
  7 gnolls
  7 adders
  A white imp (D:6)
  2 ufetubi
  3 worms
  2 dart slugs (D:1)
  13 orcs
  3 endoplasms
  A giant cockroach (D:1)
  10 goblins
  5 hobgoblins
  3 quokkas
  2 ball pythons (D:4)
  5 bats
  A frilled lizard (D:1)
  7 kobolds
  8 rats
103 creatures vanquished.

Vanquished Creatures (collateral kills)
  A water moccasin (D:6)
  A black bear (D:5)
  An iguana (D:4)
  2 adders
  An ufetubus (D:6)
  5 orcs
  A giant cockroach (D:2)
  A hobgoblin (D:2)
  A quokka (D:2)
14 creatures vanquished.

Vanquished Creatures (others)
  4 fungi (D:3)
  5 plants (D:3)
9 creatures vanquished.

Grand Total: 126 creatures vanquished

Notes
Turn   | Place    | Note
-------+----------+-------------------------------------------
     0 | D:1      | ragingrage the Djinni Hedge Wizard began the quest for the
                  | Orb.
     0 | D:1      | ragingrage set off with the following spells memorised:
                  | Magic Dart, Slow, Blink, Call Imp, Cigotuvi's Dreadful Rot,
                  | Mephitic Cloud.
     0 | D:1      | Reached XP level 1. HP: 15/15 MP: 0/0
    21 | D:1      | Found Xytett's Antique Weapon Boutique.
   349 | D:1      | Reached XP level 2. HP: 18/22 MP: 0/0
   774 | D:1      | Reached skill level 1 in Fighting
  1079 | D:1      | Reached XP level 3. HP: 25/27 MP: 0/0
  1079 | D:1      | Learned a level 1 spell: Kiss of Death
  1150 | D:1      | Reached skill level 3 in Spellcasting
  2062 | D:2      | Reached XP level 4. HP: 26/33 MP: 0/0
  2565 | D:3      | Found a faded altar of an unknown god.
  3315 | D:2      | Reached XP level 5. HP: 28/38 MP: 0/0
  3315 | D:2      | Learned a level 2 spell: Poisonous Vapours
  3886 | D:4      | Noticed an ogre
  3907 | D:4      | Killed an ogre
  3908 | D:4      | Reached skill level 4 in Spellcasting
  3908 | D:4      | Reached XP level 6. HP: 36/45 MP: 0/0
  4111 | D:4      | Noticed an ogre
  4112 | D:4      | Found Toipeso's Antique Armour Emporium.
  4141 | D:4      | Killed an ogre
  4227 | D:4      | Bought a runed leather armour for 135 gold pieces
  4631 | D:4      | Reached XP level 7. HP: 45/50 MP: 0/0
  4631 | D:4      | Learned a level 3 spell: Teleport Other
  4845 | D:4      | Found Muxku's Magic Scroll Boutique.
  4850 | D:4      | Bought a scroll of fear for 40 gold pieces
  4850 | D:4      | Bought a scroll of teleportation for 30 gold pieces
  4873 | D:4      | Noticed Pargi
  4884 | D:4      | Killed Pargi
  4885 | D:4      | Reached skill level 5 in Spellcasting
  5048 | D:4      | Found Ybunixui's General Store.
  5431 | D:4      | Found a basalt altar of Yredelemnul.
  5509 | D:4      | Found Codwumi's Antique Weapon Shoppe.
  5888 | D:5      | Entered Level 5 of the Dungeon
  6249 | D:5      | Reached XP level 8. HP: 38/58 MP: 0/0
  6499 | D:5      | Reached skill level 6 in Spellcasting
  6651 | D:5      | Found an ornate altar of the Wu Jian Council.
  6945 | D:5      | Reached skill level 5 in Fighting
  8992 | D:7      | Reached skill level 7 in Spellcasting
  8992 | D:7      | Reached XP level 9. HP: 40/66 MP: 0/0
  8992 | D:7      | Learned a level 4 spell: Cause Fear
  9360 | D:7      | HP: 2/66 [something (19)]
  9365 | D:7      | Mangled by a shadow

Illustrated notes

Levels and vault maps discovered:
D:1:      eino_arrival_druids_welcome, layout_rooms, serial_shops, shop
D:2:      kennysheep_six_static_rooms, layout_loops_ring,
          hangedman_decor_growths, serial_bayou_crossing
D:3:      layout_loops_ring, shapermc_ecumenical_altar_mp_ritualfount
D:4:      layout_basic, lemuel_zombie_altar_yredelemnul, serial_shops,
          nicolae_shop_overgrown_old_shop, nicolae_take_the_stairs,
          nicolae_inconvenience_store, shop_scrolls, uniq_pargi
D:5:      layout_loops_ring, nzn_wu_jian_contemplation
D:6:      layout_cave_pods, ebering_ghost_xom
D:7:      layout_loops_corners, nicolae_overflow_hidden_temple,
          minmay_temple_entry_butterflies

Skill      XL: |  1  2  3  4  5  6  7  8  9 |
---------------+----------------------------+-----
Fighting       | 1 2 3 4 5 6 |  6.0
Spellcasting   | 3 4 5 7 |  7.3
Dodging        | |  2.1
Stealth        | |  1.5

Action                   |  1- 3 |  4- 6 |  7- 9 || total
-------------------------+-------+-------+-------++-------
Melee: Dagger            |    26 |     1 |       ||    27
       Hand axe          |       |    23 |    58 ||    81
 Cast: Magic Dart        |    56 |    57 |    65 ||   178
       Call Imp          |     5 |    10 |    17 ||    32
       Kiss of Death     |     1 |       |       ||     1
       Poisonous Vapours |       |    22 |    94 ||   116
       Mephitic Cloud    |       |       |     3 ||     3
  Use: Scroll            |       |       |     1 ||     1
       Potion            |       |       |     4 ||     4
 Stab: Confused          |       |       |     1 ||     1
Armor: Robe              |     6 |     4 |       ||    10
       Ring mail         |       |       |    33 ||    33
Dodge: Dodged            |    12 |    30 |    85 ||   127
Block: Kite shield       |       |       |    33 ||    33

Table legend: (Time is in decaauts)
 A = Elapsed time spent in this place.
 B = Non-inter-level travel time spent in this place.
 C = Inter-level travel time spent in this place.
 D = Time resting spent in this place.
 E = Time spent auto-exploring this place.
 F = Levels seen in this place.
 G = Mean time per level.
                   A        B        C        D        E       F      G
               +--------+--------+--------+--------+--------+-----+--------+
         Total |   9395 |   9045 |    350 |   2915 |   4890 |   7 | 1342.1 |
       Dungeon |   9395 |   9045 |    350 |   2915 |   4890 |   7 | 1342.1 |
               +--------+--------+--------+--------+--------+-----+--------+

Top non-repeatable levels by time:
     D:4: 2043 daAuts
     D:6: 1618 daAuts
     D:5: 1467 daAuts
     D:2: 1387 daAuts
     D:1: 1296 daAuts
     D:3: 1172 daAuts
     D:7: 409 daAuts
